 Dungeon Crawl Stone Soup version 0.31.0-11-ge490571c62 (webtiles) character file.

Game seed: 10289976567397015018

5856 Persephone the Severer (level 10, -6/74 HPs)
             Began as a Barachi Fighter on Jan 30, 2024.
             Was a Believer of Jiyva.
             Mangled by an eight-headed hydra (7 damage)
             ... on level 8 of the Dungeon.
             The game lasted 00:09:05 (6163 turns).

Persephone the Severer (Barachi Fighter)            Turns: 6163, Time: 00:09:06

Health: -6/74      AC: 16    Str: 20    XL:     10   Next: 81%
Magic:  0/19       EV:  9    Int:  7    God:    Jiyva [**....]
Gold:   385        SH:  5    Dex: 17    Spells: 9/9 levels left

rFire   . . .        a - +0 war axe
rCold   . . .        c - +0 buckler
rNeg    . . .        b - +0 scale mail
rPois   .            e - +0 helmet
rElec   .            v - +1 cloak
rCorr   +            (no gloves)
SInv    .            (no boots)
Will    .....        q - amulet of guardian spirit Stlth
                     k - ring of magical power
HPRegen 1.28/turn    (no ring)
MPRegen 0.64/turn

%: guardian spirit
@: slow
A: amphibious, slowness 1, strong legs 1, +LOS, iridescent scales 3, agile 1
a: Hop, Renounce Religion


You were on level 8 of the Dungeon.
You worshipped Jiyva.
Jiyva was pleased with you.
You visited 1 branch of the dungeon, and saw 8 of its levels.
You also visited: Sewer.

You collected 385 gold pieces.

Inventory:

Hand Weapons
 a - a +0 war axe (weapon)
Missiles
 m - 6 javelins
Armour
 b - a +0 scale mail (worn)
 c - a +0 buckler (worn)
 e - a +0 helmet (worn)
 v - a +1 cloak (worn)
Jewellery
 k - a ring of magical power (left hand)
 q - an amulet of guardian spirit (around neck)
Wands
 d - a wand of acid (8)
 y - a wand of flame (10)
Scrolls
 j - 2 scrolls of enchant weapon
 l - 4 scrolls of teleportation
 n - 2 scrolls of fog
 s - 2 scrolls of vulnerability
 u - a scroll of fear
 B - a scroll of silence {unknown}
 C - a scroll of poison {unknown}
Potions
 f - a potion of attraction
 g - 2 potions of degeneration {unknown}
 h - 3 potions of haste
 i - 3 potions of curing {unknown}
 o - 2 potions of enlightenment {unknown}
 p - a potion of mutation {unknown}
 r - a potion of ambrosia {unknown}
 t - a potion of brilliance {unknown}
 w - a potion of invisibility {unknown}
 x - a potion of cancellation {unknown}
 z - 2 potions of resistance
 A - a potion of heal wounds


   Skills:
 + Level 5.0 Fighting
 - Level 16.0 Axes
 + Level 5.0 Armour
 + Level 4.5 Shields
 + Level 2.7 Evocations


You had 9 spell levels left.
You didn't know any spells.
Your spell library contained the following spells:

 Spells                   Type           Power      Damage    Failure   Level
 Freeze                   Ice            0%         1d3       83%         1
 Mercury Vapours          Alch/Air       0%         N/A       93%         2
 Dazzling Flash           Conj/Hex       0%         N/A       99%         3
 Frozen Ramparts          Ice            0%         1d1       99%         3
 Hailstorm                Conj/Ice       0%         3d5       99%         3
 Mephitic Cloud           Conj/Alch/Air  0%         N/A       99%         3
 Volatile Blastmotes      Fire/Tloc      0%         2d10      99%         3
 Freezing Cloud           Conj/Ice/Air   0%         6-21      100%        5
 Plasma Beam              Fire/Air       0%         2x1d10    100%        6
 Starburst                Conj/Fire      0%         6d3       100%        6
 Maxwell's Capacitive Co  Air            0%         ∞         100%        8


Dungeon Overview and Level Annotations

Branches:
Dungeon (8/15)             Temple (0/1) D:5           Sewer (visited)
   Lair: D:8-11

Altars:
Fedhas
Wu Jian
Zin


Innate Abilities, Weirdness & Mutations

You are amphibious.
You cover ground slowly.
You can hop short distances.
You have an extended range of vision and can be seen from far away.
You are completely covered in iridescent scales. (AC +6)
You are agile. (Dex +4, Str/Int -1)


Message History

You block the four-headed hydra's attack.
The four-headed hydra bites you. The four-headed hydra bites you!
The four-headed hydra barely misses you.
You chop one of the four-headed hydra's heads off!
The three-headed hydra grows two more!
You hit the five-headed hydra.
The five-headed hydra is lightly wounded.
You barely miss the five-headed hydra.
The five-headed hydra is lightly wounded.
You block the five-headed hydra's attack.
The five-headed hydra bites you. x2; The five-headed hydra bites you!
The five-headed hydra bites you.
You chop one of the five-headed hydra's heads off!
The four-headed hydra grows two more!
You hit the six-headed hydra.
The six-headed hydra is lightly wounded.
The six-headed hydra bites you. The six-headed hydra bites you!
The six-headed hydra bites you. x2; The six-headed hydra barely misses you.
The six-headed hydra bites you but does no damage.
You barely miss the six-headed hydra.
The six-headed hydra is lightly wounded.
You hear a distant slurping noise.
You hack one of the six-headed hydra's heads off!
The five-headed hydra grows two more!
You slash the seven-headed hydra!
The seven-headed hydra is lightly wounded.
The seven-headed hydra bites you! The seven-headed hydra bites you.
The seven-headed hydra bites you but does no damage. x3
The seven-headed hydra bites you.
* * * LOW HITPOINT WARNING * * *
The seven-headed hydra bites you!
* * * LOW HITPOINT WARNING * * *
You hack one of the seven-headed hydra's heads off!
The six-headed hydra grows two more!
You slash the eight-headed hydra!
The eight-headed hydra is lightly wounded.
The eight-headed hydra bites you!
* * * LOW HITPOINT WARNING * * *
The eight-headed hydra bites you but does no damage.
The eight-headed hydra bites you!
* * * LOW HITPOINT WARNING * * *
The eight-headed hydra closely misses you.
The eight-headed hydra bites you!
You die...

..##.###..#.#####.####
..##......#.##.##.##.#
.#####..###)'.~..~..~#
.####...# #.##.##.##.#
........###)#####.####
###.......#)####.~.#
....#...#...##.##.####
.##.........##.##.##.##.##?#
###.....###>##~.@D..~..~..~#
...##.# #.##.##.##^##.##.#
#.###..##.#####.#### ..#
#.)...# .~$ ........##.#
##### ####........#
#####.#...# #....... #
.......


You could see an eight-headed hydra (corroded).

Vanquished Creatures
  2 hydras (D:8)
  2 centaur warriors (D:8)
  A two-headed ogre (D:8)
  2 trolls (D:8)
  2 steam dragons
  Menkaure (D:4)
  2 ice beasts
  A sky beast (D:7)
  2 ogres (D:5)
  A laughing skull (D:8)
  2 centaurs (D:8)
  A phantom (D:7)
  2 bullfrogs
  A kobold brigand (D:8)
  A gnoll sergeant (D:6)
  2 scorpions
  4 killer bees (D:7)
  2 gnoll boudas
  3 hounds
  2 bombardier beetles
  An orc priest (D:4)
  4 jellies (Sewer)
  5 iguanas
  2 sleepcaps
  Jessica (D:3)
  Ijyb (D:3)
  5 orc wizards (D:4)
  3 adders
  11 gnolls
  A river rat (Sewer)
  2 white imps
  3 ribbon worms
  3 dart slugs
  10 orcs
  6 bats
  16 endoplasms
  10 giant cockroaches
  5 goblins
  8 hobgoblins
  7 jackals
  3 quokkas
  18 ball pythons
  11 frilled lizards
  3 kobolds
  8 rats
183 creatures vanquished.

Vanquished Creatures (others)
  A centaur (D:7)
  A phantom (D:5)
  A killer bee (D:7)
  18 jellies
  A bombardier beetle (D:6)
  A hound (D:5)
  An orc priest (D:5)
  An iguana (D:5)
  3 gnolls (D:6)
  A white imp (D:8)
  4 orcs
  2 quokkas
  8 frilled lizards (D:5)
43 creatures vanquished.

Grand Total: 226 creatures vanquished

Notes
Turn   | Place    | Note
-------+----------+-------------------------------------------
     0 | D:1      | Persephone the Barachi Fighter began the quest for the Orb.
     0 | D:1      | Reached XP level 1. HP: 18/18 MP: 1/1
   110 | D:1      | Reached XP level 2. HP: 13/25 MP: 2/2
   264 | D:1      | Reached skill level 3 in Axes
   599 | D:1      | Reached XP level 3. HP: 28/30 MP: 3/3
   753 | D:2      | Found a glowing silver altar of Zin.
   901 | D:2      | Reached skill level 4 in Axes
  1286 | D:2      | Reached XP level 4. HP: 37/37 MP: 4/4
  1689 | D:3      | Found a glowing silver altar of Zin.
  1691 | D:3      | Found a blossoming altar of Fedhas.
  1867 | D:3      | Found a faded altar of an unknown god.
  1944 | D:3      | Noticed Ijyb
  1959 | D:3      | Killed Ijyb
  1960 | D:3      | Reached skill level 5 in Axes
  2254 | D:3      | Noticed Jessica
  2260 | D:3      | Killed Jessica
  2261 | D:3      | Reached XP level 5. HP: 42/42 MP: 5/5
  2499 | D:4      | Reached skill level 6 in Axes
  2510 | D:4      | Reached XP level 6. HP: 27/48 MP: 6/6
  2641 | D:4      | Reached skill level 7 in Axes
  2748 | D:4      | Found an ornate altar of the Wu Jian Council.
  2906 | D:4      | Found a glowing drain.
  2925 | Sewer    | Entered a sewer
  3152 | Sewer    | Found a viscous altar of Jiyva.
  3158 | Sewer    | Reached XP level 7. HP: 49/53 MP: 7/7
  3235 | Sewer    | Reached skill level 8 in Axes
  3289 | Sewer    | Became a worshipper of Jiyva Jyanesor the Shapeless
  3602 | D:4      | Noticed Menkaure
  3610 | D:4      | Killed Menkaure
  3611 | D:4      | Reached skill level 9 in Axes
  3803 | D:5      | Entered Level 5 of the Dungeon
  3922 | D:5      | Reached * piety under Jiyva
  4013 | D:5      | Reached XP level 8. HP: 54/60 MP: 8/8
  4098 | D:5      | Found a staircase to the Ecumenical Temple.
  4358 | D:5      | Reached skill level 10 in Axes
  4382 | D:5      | Reached ** piety under Jiyva
  4643 | D:5      | Got the Octavo of Tropical Cold
  4850 | D:6      | Reached skill level 11 in Axes
  5258 | D:6      | Reached *** piety under Jiyva
  5434 | D:7      | Gained mutation: You are partially covered in iridescent
                  | scales. (AC +2) [Jiyva's grace]
  5434 | D:7      | Gained mutation: You are mostly covered in iridescent
                  | scales. (AC +4) [Jiyva's grace]
  5434 | D:7      | Gained mutation: You are completely covered in iridescent
                  | scales. (AC +6) [Jiyva's grace]
  5434 | D:7      | Gained mutation: You are agile. (Dex +4, Str/Int -1)
                  | [Jiyva's grace]
  5569 | D:7      | Reached skill level 12 in Axes
  5610 | D:7      | Reached XP level 9. HP: 47/65 MP: 9/9
  5990 | D:8      | Noticed a seven-headed hydra
  5994 | D:8      | Noticed a two-headed ogre
  6004 | D:8      | Reached skill level 13 in Axes
  6007 | D:8      | Killed a seven-headed hydra
  6008 | D:8      | Reached skill level 14 in Axes
  6008 | D:8      | Killed a two-headed ogre
  6009 | D:8      | Reached skill level 15 in Axes
  6009 | D:8      | Reached XP level 10. HP: 35/71 MP: 10/10
  6073 | D:8      | Noticed a centaur warrior
  6079 | D:8      | Killed a centaur warrior
  6083 | D:8      | Noticed a centaur warrior
  6085 | D:8      | Noticed a six-headed hydra
  6093 | D:8      | Killed a centaur warrior
  6094 | D:8      | Reached skill level 16 in Axes
  6094 | D:8      | Reached skill level 1 in Evocations
  6096 | D:8      | Killed an 11-headed hydra
  6144 | D:8      | Reached skill level 5 in Fighting
  6144 | D:8      | Reached skill level 5 in Armour
  6151 | D:8      | Noticed a four-headed hydra
  6163 | D:8      | HP: 1/74 [eight-headed hydra (5)]
  6163 | D:8      | Mangled by an eight-headed hydra

Illustrated notes

Levels and vault maps discovered:
D:1:      dpeg_arrival_oval, layout_basic
D:2:      layout_loops_corners, basic_altar
D:3:      layout_basic, mainiacjoe_overflow_divided_tiny,
          basic_ecumenical_altar, uniq_ijyb, uniq_jessica
D:4:      layout_rooms, amcnicky_altar_gilded, gup_sewer_entry_pipe,
          uniq_menkaure
D:5:      minmay_octagon_keep, layout_loops_corners,
          minmay_temple_entry_crystal_x, minmay_lizard_king
D:6:      wander_river, layout_basic, dk_vineyard_1
D:7:      layout_basic
D:8:      hangedman_cross_veins, layout_rooms, nicolae_ru_sacrificial_ziggurat

Skill      XL: |  1  2  3  4  5  6  7  8  9 10 |
---------------+-------------------------------+-----
Axes           | 3 4 5 6 7 9 12 15 16 | 16.0
Fighting       | 5 |  5.0
Armour         | 5 |  5.0
Evocations     | 2 |  2.7
Shields        | 4 |  4.5

Action                     |  1- 3 |  4- 6 |  7- 9 | 10-12 || total
---------------------------+-------+-------+-------+-------++-------
  Melee: War axe           |   128 |   171 |   258 |    23 ||   580
 Invoke: Oozemancy         |       |       |     1 |     2 ||     3
  Evoke: Wand              |       |       |       |     1 ||     1
    Use: Scroll            |       |     3 |     5 |       ||     8
         Potion            |       |     1 |     3 |       ||     4
 Armour: Scale mail        |    92 |   148 |   220 |    65 ||   525
  Dodge: Dodged            |    46 |    71 |   120 |    21 ||   258
  Block: Buckler           |    24 |    37 |    72 |    11 ||   144
